 Dungeon Crawl Stone Soup version 0.30-a0-414-gcb316572d5 (webtiles) character file.

Game seed: 3817404637641401533

13202 pokeman the Eclecticist (level 11, -19/61 HPs)
             Began as a Deep Elf Hedge Wizard on Dec 7, 2022.
             Was an Elder of Vehumet.
             Demolished by a very large slime creature (54 damage)
             ... on level 12 of the Dungeon.
             The game lasted 00:42:00 (13341 turns).

pokeman the Eclecticist (Deep Elf Hedge Wizard)    Turns: 13341, Time: 00:42:01

Health: -19/61     AC: 11    Str:  7    XL:     11   Next: 72%
Magic:  10/32      EV: 11    Int: 28    God:    Vehumet [****..]
Gold:   456        SH: 10    Dex: 14    Spells: 25/40 levels left

rFire   + . .      SeeInvis .    v - +0 spear (venom)
rCold   + . .      Faith    .    h - +0 buckler {AC+3}
rNeg    + . .      Spirit   .    r - +2 leather armour of Remmoph {rF+ rC+ Will+ Int+4}
rPois   .          Reflect  +    I - +0 helmet
rElec   .          Harm     .    (no cloak)
rCorr   .          Rampage  .    n - +0 pair of gloves
Will    ++...                    (no boots)
Stlth   ++++......               E - amulet of reflection
HPRegen 0.30/turn                Q - ring of wizardry
MPRegen 0.23/turn                T - ring of positive energy

@: on blink cooldown, studying Stealth
A: no striking features
a: Renounce Religion


You were on level 12 of the Dungeon.
You worshipped Vehumet.
Vehumet was greatly pleased with you.
You visited 2 branches of the dungeon, and saw 13 of its levels.
You also visited: Ossuary.

You collected 670 gold pieces.
You spent 214 gold pieces at shops.

Inventory:

Hand Weapons
 v - a +0 spear of venom (weapon)
 F - a +1 shortbow of draining
 R - a +0 whip of pain
Missiles
 p - a throwing net
Armour
 h - a +0 buckler of protection (worn)
 n - a +0 pair of gloves (worn)
 r - the +2 leather armour of Remmoph (worn) {rF+ rC+ Will+ Int+4}
   (You found it on level 3 of the Dungeon)

   Int:       It affects your intelligence (+4).
   rF:        It protects you from fire.
   rC:        It protects you from cold.
   Will:      It increases your willpower.
 C - the +1 ring mail "Forget-Me-Not" {rF+ Str+4 Stlth-}
   (You found it on level 7 of the Dungeon)

   Str:       It affects your strength (+4).
   rF:        It protects you from fire.
   Stlth:     It makes you less stealthy.
 I - a +0 helmet (worn)
Magical Staves
 u - a staff of conjuration
 K - a staff of cold
Jewellery
 E - an amulet of reflection (around neck)
 Q - a ring of wizardry (left hand)
 T - a ring of positive energy (right hand)
Wands
 y - a wand of flame (8)
 B - a wand of quicksilver (3)
 N - a wand of roots (10)
Scrolls
 a - 2 scrolls of amnesia
 f - 2 scrolls of fear
 i - 4 scrolls of vulnerability
 j - 2 scrolls of enchant armour
 k - 7 scrolls of magic mapping
 l - 3 scrolls of enchant weapon
 q - 4 scrolls of teleportation
 t - 2 scrolls of blinking
 A - 6 scrolls of silence
 G - 2 scrolls of butterflies
 H - 3 scrolls of poison
 M - 2 scrolls of immolation
 S - a scroll of acquirement {unknown}
Potions
 b - a potion of invisibility
 c - 2 potions of berserk rage
 d - 4 potions of magic
 e - 7 potions of curing
 g - 6 potions of lignification
 m - 3 potions of brilliance
 o - 2 potions of attraction
 s - 2 potions of flight
 w - a potion of haste
 x - 6 potions of heal wounds
 z - 3 potions of might
 D - 2 potions of cancellation
 J - a potion of mutation {unknown}
 O - a potion of degeneration {unknown}
 P - a potion of ambrosia {unknown}
Miscellaneous
 L - a piece from Xom's chessboard (15/15)


   Skills:
 + Level 4.2 Fighting
 - Level 5.0 Armour
 - Level 3.0 Dodging
 + Level 8.0 Stealth
 - Level 5.0 Shields
 * Level 15.4 Spellcasting
 + Level 9.0 Conjurations
 - Level 1.1 Summonings
 - Level 1.1 Necromancy
 - Level 1.1 Translocations
 + Level 4.9 Fire Magic
 - Level 1.1 Ice Magic
 - Level 1.2 Air Magic
 - Level 2.0 Earth Magic
 - Level 1.2 Poison Magic
 - Level 1.0 Evocations


You had 25 spell levels left.
You knew the following spells:

 Your Spells              Type           Power      Damage    Failure   Level
a - Magic Dart            Conj           100%       1d8       1%          1
b - Mephitic Cloud        Conj/Pois/Air  43%        N/A       1%          3
c - Call Imp              Summ           27%        N/A       1%          2
d - Blink                 Tloc           54%        N/A       1%          2
e - Foxfire               Conj/Fire      100%       2x1d9     1%          1
f - Hailstorm             Conj/Ice       50%        3d11      1%          3
g - Stone Arrow           Conj/Erth      100%       3d13      1%          3

Your spell library contained the following spells:

 Spells                   Type           Power      Damage    Failure   Level
 Slow                     Hex            84%        N/A       1%          1
 Sting                    Tmut/Pois      100%       1d8       1%          1
 Cigotuvi's Dreadful Rot  Necr/Pois/Air  56%        N/A       1%          2
 Momentum Strike          Conj/Tloc      100%       3d10      1%          2
 Poisonous Vapours        Pois/Air       56%        N/A       1%          2
 Call Canine Familiar     Summ           27%        N/A       3%          3
 Lesser Beckoning         Tloc           54%        N/A       3%          3
 Olgreb's Toxic Radiance  Pois           28%        N/A       3%          4
 Portal Projectile        Hex/Tloc       48%        N/A       4%          3
 Leda's Liquefaction      Hex/Erth       13%        N/A       12%         4


Dungeon Overview and Level Annotations

Branches:
Dungeon (12/15)            Temple (1/1) D:5            Lair (0/5) D:8
    Orc (0/2) D:10        Ossuary (visited)

Altars:
Ashenzari
Cheibriados
Dithmenos
Elyvilon
Fedhas
Hepliaklqana
Nemelex Xobeh
Okawaru
Qazlal
Trog
Uskayaw
Vehumet
Xom
Yredelemnul
The Shining One

Shops:
D:2 ?

Annotations:
D:5 1 runed translucent door, Encipher's ghost, novice OpTm
D:7 Maggie


Message History

Casting: Call Imp (safe; 1% risk of failure)
Confirm with . or Enter, or press ? or * to list all spells.
Casting: Hailstorm (safe; 1% risk of failure)
Press: ? - help, Dir - look around, f - activate A cannonade of hail descends around you!
The hail pelts the very large slime creature!!
The very large slime creature is severely wounded.
The hail pelts the slime creature!
The slime creature is moderately wounded.
You block the slime creature's attack.
Unknown command.
Unknown command.
Casting: Hailstorm (safe; 1% risk of failure)
Confirm with . or Enter, or press ? or * to list all spells.
You blink.
Casting: Blink (safe; 1% risk of failure)
Confirm with . or Enter, or press ? or * to list all spells.
Casting: Hailstorm (safe; 1% risk of failure)
Press: ? - help, Dir - look around, f - activate A cannonade of hail descends around you!
The hail pelts the very large slime creature!!
The very large slime creature is almost dead.
The hail pelts the slime creature!
You kill the slime creature!
Vehumet accepts your kill.
You feel your power returning.
Your Stealth skill increases to level 8!
Unknown command.
Unknown command.
Unknown command.
Casting: Hailstorm (safe; 1% risk of failure)
Confirm with . or Enter, or press ? or * to list all spells.
Aiming: Stone Arrow (safe; 1% risk of failure)
Press: ? - help, Shift-Dir - straight line, f - very large slime creature
Aim: a very large slime creature (almost dead, 95% to hit)
The stone arrow hits the very large slime creature!
The very large slime creature is almost dead.
The very large slime creature hits you!!!
Ouch! That really hurt!
You die...

#......# ...# #......#
..+ #......######
#.........###########+###
#.######..#.............#
#.........#.............#
#.........#.............#
#.........#.............#
#.........#@#####'#######
#..........J............#
#...###...J.............#
#...###...J####..#####..#
#.........ยง# #..#####..#
#..........####.........#
#.......................#
#......##################
#......#


You could see a very large slime creature and 2 slime creatures.

Vanquished Creatures
  A boulder beetle (D:8)
  2 two-headed ogres
  Urug (D:11)
  Pikel (D:7)
  2 manticores
  An elephant (D:8)
  A gargoyle (D:12)
  A troll (D:11)
  A hornet (D:9)
  A slime creature (D:12)
  2 wraiths
  10 yaks
  A vampire (D:11)
  2 wyverns
  3 basilisks
  2 steam dragons (D:8)
  Menkaure (D:7)
  4 wargs (D:10)
  Duvessa (D:5)
  3 orc warriors
  2 sky beasts
  2 black bears (D:8)
  An ogre (D:7)
  9 centaurs
  2 phantoms
  A lemure (D:7)
  3 elf zombies (Ossuary)
  3 kobold brigands
  3 bullfrogs
  A necrophage (D:6)
  A gnoll sergeant (D:11)
  2 scorpions
  9 wights
  Dowan (D:5)
  12 killer bees
  7 howler monkeys
  2 human zombies (Ossuary)
  5 orc priests
  3 hounds
  2 jellies
  A gnoll bouda (D:5)
  Jessica (D:2)
  2 iguanas
  4 orc wizards
  4 mummies (Ossuary)
  6 adders
  19 gnolls
  2 shadow imps (D:5)
  An ufetubus (D:6)
  2 worms
  10 dart slugs
  21 orcs
  7 bats
  7 endoplasms
  2 giant cockroaches
  6 goblins
  4 hobgoblins
  2 jackals (D:4)
  19 kobolds
  A quokka (D:3)
  7 ball pythons
  2 frilled lizards (D:1)
  A goblin zombie (Ossuary)
  2 hobgoblin zombies (Ossuary)
  A jackal zombie (Ossuary)
  A kobold zombie (Ossuary)
  An orc zombie (Ossuary)
  15 rats
  A butterfly (D:3)
264 creatures vanquished.

Vanquished Creatures (collateral kills)
  A wyvern (D:8)
  A killer bee (D:8)
  An adder zombie (Ossuary)
  An orc (D:4)
  An endoplasm (D:3)
5 creatures vanquished.

Vanquished Creatures (others)
  A kobold (D:9)
  140 foxfires
141 creatures vanquished.

Grand Total: 410 creatures vanquished

Notes
Turn   | Place    | Note
-------+----------+-------------------------------------------
     0 | D:1      | pokeman the Deep Elf Hedge Wizard began the quest for the
                  | Orb.
     0 | D:1      | Reached XP level 1. HP: 10/10 MP: 7/7
   311 | D:1      | Reached XP level 2. HP: 16/16 MP: 2/9
  1130 | D:1      | Found a faded altar of an unknown god.
  1296 | D:2      | Reached skill level 5 in Spellcasting
  1321 | D:2      | Found a glowing golden altar of the Shining One.
  1332 | D:2      | Found Tyokk's Magic Scroll Boutique.
  1337 | D:2      | Noticed Jessica
  1339 | D:2      | Killed Jessica
  1340 | D:2      | Reached skill level 1 in Fighting
  1340 | D:2      | Reached skill level 1 in Armour
  1340 | D:2      | Reached XP level 3. HP: 20/20 MP: 8/11
  1344 | D:2      | Learned a level 3 spell: Mephitic Cloud
  1347 | D:2      | Learned a level 2 spell: Call Imp
  1350 | D:2      | Learned a level 2 spell: Blink
  1360 | D:2      | Bought a scroll of noise for 13 gold pieces
  1360 | D:2      | Bought a scroll of identify for 26 gold pieces
  2078 | D:3      | Reached XP level 4. HP: 25/25 MP: 9/13
  2234 | D:3      | Noticed a phantom
  2706 | D:3      | Reached skill level 6 in Spellcasting
  2706 | D:3      | Reached XP level 5. HP: 24/29 MP: 11/15
  2710 | D:3      | Reached skill level 1 in Shields
  2898 | D:3      | Found a shimmering altar of Xom.
  3064 | D:3      | Killed a phantom
  3065 | D:3      | Reached skill level 1 in Poison Magic
  3065 | D:3      | Reached XP level 6. HP: 29/34 MP: 7/17
  3198 | D:3      | Identified the +2 leather armour of Remmoph {rF+ rC+ Will+
                  | Int+4}
  3941 | D:4      | Reached skill level 7 in Spellcasting
  4052 | D:4      | Reached skill level 1 in Air Magic
  4672 | D:2      | Bought a scroll of teleportation for 39 gold pieces
  4672 | D:2      | Bought a scroll of teleportation for 39 gold pieces
  4672 | D:2      | Bought a scroll of blinking for 97 gold pieces
  4746 | D:5      | Entered Level 5 of the Dungeon
  4826 | D:5      | Reached XP level 7. HP: 39/39 MP: 16/20
  5143 | D:5      | Noticed Duvessa
  5154 | D:5      | Killed Duvessa
  5155 | D:5      | Reached skill level 8 in Spellcasting
  5199 | D:5      | Noticed Dowan
  5208 | D:5      | Killed Dowan
  5387 | D:5      | Found a staircase to the Ecumenical Temple.
  5393 | Temple   | Entered the Ecumenical Temple
  5420 | Temple   | Became a worshipper of Vehumet
  5480 | D:5      | Found a runed translucent door.
  5480 | D:5      | Noticed Encipher's ghost (novice OpTm)
  5562 | D:5      | Found a shadowy altar of Dithmenos.
  5810 | D:5      | Found a blossoming altar of Fedhas.
  5828 | D:5      | Reached XP level 8. HP: 44/44 MP: 22/22
  6006 | D:6      | Reached skill level 9 in Spellcasting
  6507 | D:6      | Reached skill level 5 in Conjurations
  6843 | D:7      | Reached skill level 10 in Spellcasting
  6881 | D:7      | Reached * piety under Vehumet
  6881 | D:7      | Offered knowledge of Shock by Vehumet.
  6896 | D:7      | Noticed Pikel
  6915 | D:7      | Killed Pikel
  6916 | D:7      | Reached skill level 11 in Spellcasting
  6916 | D:7      | Reached XP level 9. HP: 27/48 MP: 7/26
  7766 | D:7      | Identified the +1 ring mail "Forget-Me-Not" {rF+ Str+4
                  | Stlth-}
  7798 | D:7      | Noticed Menkaure
  7928 | D:7      | Killed Menkaure
  7929 | D:7      | Reached skill level 1 in Evocations
  8088 | D:7      | Noticed Maggie
  8358 | D:7      | Reached skill level 12 in Spellcasting
  8596 | D:8      | Found a sand-covered staircase.
  8621 | Ossuary  | Entered an ossuary
  8733 | Ossuary  | Reached ** piety under Vehumet
  8733 | Ossuary  | Offered knowledge of Foxfire by Vehumet.
  8740 | Ossuary  | Reached XP level 10. HP: 22/56 MP: 14/28
  9002 | D:8      | HP: 2/56 [sky beast (6)]
  9248 | D:8      | Found a hide-covered altar of Uskayaw.
  9265 | D:8      | Learned a level 1 spell: Foxfire
  9277 | D:8      | Found a staircase to the Lair.
  9277 | D:8      | Noticed an elephant
  9295 | D:8      | Reached skill level 13 in Spellcasting
  9317 | D:8      | Reached skill level 5 in Shields
  9318 | D:8      | Reached skill level 1 in Ice Magic
  9322 | D:8      | Killed an elephant
  9323 | D:8      | Reached skill level 1 in Fire Magic
  9337 | D:8      | Offered knowledge of Hailstorm by Vehumet.
  9345 | D:8      | Learned a level 3 spell: Hailstorm
  9550 | D:8      | Noticed a boulder beetle
  9723 | D:8      | Killed a boulder beetle
 10270 | D:9      | Reached *** piety under Vehumet
 10431 | D:9      | Noticed a two-headed ogre
 10438 | D:9      | Killed a two-headed ogre
 10439 | D:9      | Reached skill level 14 in Spellcasting
 10908 | D:9      | Offered knowledge of Stone Arrow by Vehumet.
 10909 | D:9      | Reached skill level 5 in Stealth
 10909 | D:9      | Reached XP level 11. HP: 61/61 MP: 18/31
 10913 | D:9      | Learned a level 3 spell: Stone Arrow
 11155 | D:10     | Entered Level 10 of the Dungeon
 11346 | D:10     | Found a staircase to the Orcish Mines.
 11351 | D:10     | Reached skill level 1 in Earth Magic
 12030 | D:11     | Noticed Urug
 12042 | D:11     | Killed Urug
 12235 | D:11     | Noticed a two-headed ogre
 12238 | D:11     | Killed a two-headed ogre
 12239 | D:11     | Reached skill level 15 in Spellcasting
 13043 | D:12     | Reached **** piety under Vehumet
 13046 | D:12     | Reached skill level 5 in Armour
 13070 | D:12     | Reached skill level 1 in Necromancy
 13341 | D:12     | Demolished by a very large slime creature

Illustrated notes

Levels and vault maps discovered:
D:1:      lordsloth_arrival_two_stooges, layout_basic,
          hellmonk_ecumenical_altar_heavens_door, minmay_rat_gold_closets
D:2:      layout_rooms, basic_altar, serial_shops, shop, uniq_jessica
D:3:      layout_basic, xom_butterflies, minivault_14
D:4:      kennysheep_six_static_rooms, layout_cave_pools,
          hangedman_decor_growths
D:5:      layout_loops_ring, kennysheep_mini_moat,
          fedhas_bush_and_centaur_altar, minmay_temple_entry_enclosed_plants,
          hellmonk_ghost_happy_afterlife, uniq_duvessa
D:6:      hellmonk_destroyed_diamonds, layout_basic, moated_statue
D:7:      kennysheep_slugbush, layout_cave_pools, uniq_menkaure, uniq_pikel,
          uniq_maggie
D:8:      layout_cave_pools, mainiacjoe_overflow_paths, david_lair_generic,
          nicolae_ossuary_entry_ruins, minmay_manual_macuahuitl
D:9:      layout_roguey, st_stairs_14
D:10:     layout_irregular_city, minmay_orc_entry_guard_dogs
D:11:     layout_cave_pods, nrook_uturn, uniq_urug
D:12:     layout_stronghold, ploomutoo_gammafunk_ghost_potion_laboratory
Temple:   eino_narrow_crystal_temple

Skill      XL: |  1  2  3  4  5  6  7  8  9 10 11 |
---------------+----------------------------------+-----
Spellcasting   | 5 6 7 8 11 12 14 15 | 15.4
Fighting       | 1 2 3 4 |  4.2
Armour         | 1 3 4 5 |  5.0
Conjurations   | 2 3 4 5 7 8 9 |  9.0
Dodging        | 3 |  3.0
Shields        | 1 2 3 4 5 |  5.0
Stealth        | 3 5 8 |  8.0
Poison Magic   | 1 |  1.2
Air Magic      | 1 |  1.2
Evocations     | 1 |  1.0
Ice Magic      | 1 |  1.1
Fire Magic     | 3 4 |  4.9
Earth Magic    | 2 |  2.0
Necromancy     | 1 |  1.1
Summonings     | |  1.1
Translocations | |  1.1

Action                   |  1- 3 |  4- 6 |  7- 9 | 10-12 || total
-------------------------+-------+-------+-------+-------++-------
Melee: Dagger            |       |    12 |       |       ||    12
       War axe           |       |    17 |    12 |       ||    29
       Spear             |       |       |   183 |    94 ||   277
       Punch             |       |       |     4 |       ||     4
 Cast: Magic Dart        |    90 |   143 |   195 |     9 ||   437
       Call Imp          |       |    10 |    10 |     3 ||    23
       Blink             |       |     5 |    15 |     7 ||    27
       Mephitic Cloud    |       |     6 |    30 |    35 ||    71
       Foxfire           |       |       |       |    75 ||    75
       Hailstorm         |       |       |       |    45 ||    45
       Stone Arrow       |       |       |       |    23 ||    23
Evoke: Wand              |       |       |     9 |       ||     9
  Use: Scroll            |     1 |     7 |     1 |    12 ||    21
       Potion            |       |       |       |     1 ||     1
 Stab: Confused          |       |       |    15 |     8 ||    23
       Sleeping          |       |       |     2 |       ||     2
Armor: Leather armour    |     3 |    25 |    88 |    28 ||   144
Dodge: Dodged            |     9 |    54 |   128 |    50 ||   241
Block: Buckler           |       |       |    13 |    40 ||    53
       Reflection        |       |       |       |     4 ||     4

Table legend: (Time is in decaauts)
 A = Elapsed time spent in this place.
 B = Non-inter-level travel time spent in this place.
 C = Inter-level travel time spent in this place.
 D = Time resting spent in this place.
 E = Time spent auto-exploring this place.
 F = Levels seen in this place.
 G = Mean time per level.
                   A        B        C        D        E       F      G
               +--------+--------+--------+--------+--------+-----+--------+
         Total |  13411 |  12704 |    707 |    733 |   9648 |  14 |  957.9 |
       Dungeon |  13008 |  12315 |    693 |    733 |   9408 |  12 | 1084.0 |
        Temple |     42 |     28 |     14 |      0 |     18 |   1 |   42.0 |
       Ossuary |    359 |    359 |      0 |      0 |    222 |   1 |  359.0 |
               +--------+--------+--------+--------+--------+-----+--------+

Top non-repeatable levels by time:
     D:6: 1523 daAuts
     D:3: 1465 daAuts
     D:7: 1279 daAuts
     D:1: 1265 daAuts
     D:4: 1158 daAuts
     D:5: 1125 daAuts
     D:8: 1097 daAuts
    D:11: 1032 daAuts
     D:9: 977 daAuts
     D:2: 931 daAuts
    D:10: 804 daAuts
 Ossuary: 359 daAuts
    D:12: 347 daAuts
  Temple: 42 daAuts
